 Dungeon Crawl Stone Soup version 0.30-a0-1163-gf69bf04e7a (webtiles) character file.

Game seed: 4882568982598804623

88 BlueFish the Trooper (level 4, -4/31 HPs)
             Began as an Octopode Fighter on Apr 28, 2023.
             Slain by a gnoll
             ... wielding a +0 flail
              (9 damage)
             ... on level 2 of the Dungeon.
             The game lasted 00:02:34 (1576 turns).

BlueFish the Trooper (Octopode Fighter)             Turns: 1576, Time: 00:02:35

Health: -4/31      AC:  1    Str: 17    XL:     4   Next: 53%
Magic:  4/4        EV: 13    Int: 10    God:
Gold:   78         SH:  4    Dex: 11    Spells: 3/3 levels left

rFire   . . .        j - +2 short sword (venom)
rCold   . . .        b - +0 buckler
rNeg    . . .        (helmet restricted)
rPois   .            (no amulet)
rElec   .            (no ring)
rCorr   .            (no ring)
SInv    .            (no ring)
Will    .....        (no ring)
Stlth   +++          (no ring)
HPRegen 0.25/turn    (no ring)
MPRegen 0.09/turn    (no ring)
                     (no ring)

%: no passive effects
@: no status effects
A: almost no armour, amphibious, 8 rings, camouflage 1, gelatinous body 1,
(nimble swimmer 1), tentacles
a: no special abilities


You were on level 2 of the Dungeon.
You visited 1 branch of the dungeon, and saw 2 of its levels.

You collected 78 gold pieces.

Inventory:

Hand Weapons
 a - a +0 flail
 j - a +2 short sword of venom (weapon)
Missiles
 f - 9 poisoned darts
 i - 14 stones (quivered)
Armour
 b - a +0 buckler (worn)
Scrolls
 c - 2 scrolls of noise {unknown}
 d - a scroll of fear {unknown}
 h - 2 scrolls of enchant weapon {unknown}
 k - a scroll of amnesia {unknown}
 n - a scroll of blinking {unknown}
Potions
 e - a potion of curing {unknown}
 g - a potion of brilliance {unknown}
 l - a potion of degeneration {unknown}
 m - 2 potions of cancellation {unknown}


   Skills:
 + Level 3.3 Fighting
 + Level 2.4 Maces & Flails
 + Level 1.0 Throwing
 + Level 3.3 Dodging
 * Level 3.2 Stealth
 + Level 3.3 Shields


You had 3 spell levels left.
You didn't know any spells.
Your spell library was empty.

Dungeon Overview and Level Annotations

Branches:
Dungeon (2/15)

Altars:

Shops:
D:1 :?[


Innate Abilities, Weirdness & Mutations

You cannot wear most types of armour.
You are amphibious.
You can wear up to eight rings at the same time.
Your skin changes colour to match your surroundings (Stealth+).
Your rubbery body absorbs attacks. (AC +1, EV +1)
((You are camouflaged when in or above water. (Stealth+)))
You have tentacles for arms and can constrict up to eight enemies at once.


Message History

The adder hisses angrily.
You barely miss the adder. Your grab misses the adder.
The adder closely misses you.
You hit the adder.
The adder is poisoned.
Your grab misses the adder.
The adder is lightly wounded.
You block the adder's attack.
You hit the adder.
The adder looks as sick as possible!
You grab the adder.
The adder is heavily wounded.
You constrict the adder. The adder bites you. The adder barely misses you.
You hit the adder.
The adder is almost dead.
You constrict the adder.
You kill the adder!
You see here an adder corpse.
HP restored.
There is a shaft here.
You open the door.
There is an open door here.
As you open the door, it creaks loudly!
There is an open door here.
As you open the door, it creaks loudly!
There is an open door here.
There is an open door here.
You open the door.
The goblin shouts!
The goblin barely misses you.
You hit the goblin.
You kill the goblin!
A gnoll is nearby!
The gnoll shouts!
The gnoll shouts!
The gnoll hits you from afar with a +1 heavy spear!
You barely miss the gnoll. Your grab misses the gnoll.
You block the gnoll's attack.
You hit the gnoll.
The gnoll is poisoned.
Your grab misses the gnoll.
The gnoll is lightly wounded.
The gnoll hits you with a +1 heavy spear!
* * * LOW HITPOINT WARNING * * *
The gnoll hits you with a +0 flail!
You die...

.........<#..'...................
#.##.#....#..#........##.......#.
#.##......#..#.........##+##+###.
.............'.........##........
..##......#..#.........##.##.....
..##.#....#..#.........##.#......
..#.....#.#..##..##...###.#......
#.#>.............................
.....#........#.@.......#.#......
..#..#........#[gg......#.#......
........................#.#......
..##...................##.#......
..##...................+......#..
..#..........#####.....##.#...#..
..#...<...................#...##.
..+.....................###...##.
###...#####.....###.....###...##.


You could see 2 gnolls.

Vanquished Creatures
  An adder (D:2)
  3 gnolls
  2 worms (D:2)
  2 dart slugs
  8 endoplasms
  A giant cockroach (D:2)
  2 hobgoblins (D:1)
  A quokka (D:1)
  8 ball pythons
  2 bats
  3 frilled lizards (D:2)
  A goblin (D:2)
  4 kobolds
  4 rats
42 creatures vanquished.

Notes
Turn   | Place    | Note
-------+----------+-------------------------------------------
     0 | D:1      | BlueFish the Octopode Fighter began the quest for the Orb.
     0 | D:1      | Reached XP level 1. HP: 16/16 MP: 1/1
    10 | D:1      | Found a faded altar of an unknown god.
   177 | D:1      | Found Huefo's Magic Scroll Shop.
   194 | D:1      | Reached skill level 1 in Stealth
   195 | D:1      | Reached XP level 2. HP: 21/21 MP: 2/2
   267 | D:1      | Found Barphi Eshrenn's Antique Armour Shop.
   387 | D:1      | Found Castraaw's Book Shoppe.
   624 | D:1      | Reached XP level 3. HP: 3/26 MP: 3/3
   991 | D:2      | Reached XP level 4. HP: 6/31 MP: 4/4
  1266 | D:2      | Reached skill level 1 in Throwing
  1576 | D:2      | Slain by a gnoll

Illustrated notes

Levels and vault maps discovered:
D:1:      moated_graveyard_arrival, layout_loops_cross,
          shapermc_ecumenical_altar_pompeii, serial_shops, nicolae_shop_crystal,
          shop, shop, minmay_split_cup_small
D:2:      layout_basic

Skill      XL: |  1  2  3  4 |
---------------+-------------+-----
Stealth        | 1 2 3 |  3.2
Throwing       | 1 |  1.0
Fighting       | |  3.3
Maces & Flails | |  2.4
Dodging        | |  3.3
Shields        | |  3.3

Action                     |  1- 3 |  4- 6 || total
---------------------------+-------+-------++-------
  Melee: Flail             |     6 |       ||     6
         Constrict         |    11 |     2 ||    13
         Tentacles         |     6 |     1 ||     7
         Short sword       |    54 |    16 ||    70
         Punch             |       |     1 ||     1
  Throw: Stone             |       |     1 ||     1
    Use: Potion            |     1 |       ||     1
   Stab: Sleeping          |     8 |     3 ||    11
         Distracted        |     1 |       ||     1
 Armour: Skin              |     3 |       ||     3
  Dodge: Dodged            |    16 |     8 ||    24
  Block: Buckler           |    10 |     2 ||    12

Table legend: (Time is in decaauts)
 A = Elapsed time spent in this place.
 B = Non-inter-level travel time spent in this place.
 C = Inter-level travel time spent in this place.
 D = Time resting spent in this place.
 E = Time spent auto-exploring this place.
 F = Levels seen in this place.
 G = Mean time per level.
                   A        B        C        D        E       F      G
               +--------+--------+--------+--------+--------+-----+--------+
         Total |   1581 |   1468 |    113 |      0 |   1128 |   2 |  790.5 |
       Dungeon |   1581 |   1468 |    113 |      0 |   1128 |   2 |  790.5 |
               +--------+--------+--------+--------+--------+-----+--------+

Top non-repeatable levels by time:
     D:1: 837 daAuts
     D:2: 744 daAuts
